[Event "*** Titled Tuesday Blitz"]
[Site "Chess.com"]
[Date "2021.02.16"]
[Round "4"]
[White "paulrusan"]
[Black "sakkikuska"]
[Result "0-1"]
[WhiteElo "2252"]
[BlackElo "2484"]
[TimeControl "180+1"]
[EndTime "10:42:58 PST"]
[Termination "sakkikuska won by checkmate"]

1. e4 c5 2. b4 cxb4 3. Bb2 e6 4. a3 Nf6 5. e5 Nd5 6. axb4 Nxb4 7. Nf3 b6 8. g3 Bb7 9. Bg2 Qc7 10. Na3 N8c6 11. O-O Be7 12. Nb5 Qb8 13. d4 O-O 14. c3 Na6 15.
Nd6 Bxd6 16. exd6 Qxd6 17. Ba3 Qc7 18. Bxf8 Rxf8 19. Qd3 Nab8 20. Ng5 g6 21. f4 h6 22.
Nf3 Rc8 23. Rfc1 a5 24. Rab1 Ba6 25. Qe4 d5 26. Qe3 Nd7 27. h4 Nf6 28. Ne5 Ne7 29.
g4 Bc4 30. f5 exf5 31. Nxc4 Nxg4 32. Qh3 Qxc4 33. h5 b5 34. hxg6 fxg6 35. Bf1 Qa2 36.
Bxb5 Qf2+ 37. Kh1 Nc6 38. Rf1 Qe3 39. Qxe3 Nxe3 40. Rg1 g5 41. Bxc6 Rxc6 42. Rb5 Rxc3 43. Rxa5 Rd3 44. Rg3 f4 45. Rh3 Kg7 46. Ra7+ Kg6 47.
Ra6+ Kf5 48. Rhxh6 Rd1+ 49. Kh2 Ng4+ 50. Kg2 Nxh6 51.
Rxh6 Rxd4 52. Kf3 Rd3+ 53. Kf2 Ra3 54. Rh8 Ra2+ 55. Kf3 g4# 0-1

[Event "*** Titled Tuesday Blitz"]
[Site "Chess.com"]
[Date "2021.02.16"]
[Round "4"]
[White "Margency"]
[Black "ehrenfeld"]
[Result "1-0"]
[WhiteElo "2693"]
[BlackElo "2500"]
[TimeControl "180+1"]
[EndTime "10:43:00 PST"]
[Termination "Margency won on time"]

1. e4 e5 2. Nf3 Nc6 3. Bc4 Nf6 4.
d3 Bc5 5. c3 d6 6. a4 a6 7. O-O Ba7 8. Na3 h6 9. Nc2 O-O 10. Be3 Be6 11. Bxa7 Bxc4 12. dxc4 Rxa7 13. Qd3 Ra8 14. Ne3 Nd7 15. a5 Ne7 16. b4 Ng6 17. g3 Nf6 18. Rad1 Qe8 19. Rfe1 Ne7 20. c5 Rd8 21. cxd6 cxd6 22. Nc4 Qc6 23. Nb6 Rfe8 24. c4 Nc8 25. Nd5 Nxd5 26. cxd5 Qd7 27. Qe3 Ne7 28. Rc1 Rc8 29. Nd2 f5 30. f3 fxe4 31. fxe4 Kh8 32. Nc4 Qd8 33. Qb6 Qxb6+ 34.
Nxb6 Rxc1 35. Rxc1 Ng8 36. h3 Nf6 37. Rc4 Rf8 38. Kg2 Rf7 39. Nc8 Rd7 40. Kf3 Kh7 41.
g4 Kg6 42. Kg3 h5 43. gxh5+ Nxh5+ 44. Kg4 Nf6+ 45. Kf3 Rd8 46. Rc7 Rh8 47. Ne7+ Kg5 48. Nf5 Rxh3+ 49. Kg2 Rb3 50. Nxd6 Rxb4 51. Rxg7+ Kf4 52. Rf7 Rb2+ 53. Kf1 Kg5 54. Rxb7 1-0

[Event "*** Titled Tuesday Blitz"]
[Site "Chess.com"]
[Date "2021.02.16"]
[Round "4"]
[White "profofchess"]
[Black "remi04"]
[Result "1/2-1/2"]
[WhiteElo "2447"]
[BlackElo "2617"]
[TimeControl "180+1"]
[EndTime "10:43:00 PST"]
[Termination "Game drawn - insufficient material"]

1. e4 c5 2. Nf3 d6 3. d4 cxd4 4. Nxd4 Nf6 5. Nc3 a6 6. Nb3 e5 7. Bg5 Be6 8. Bxf6 Qxf6 9. Na5 Qd8 10. Nc4 Nc6 11. Nd5 b5 12. Nce3 Be7 13. c3 Bg5 14. Be2 O-O 15. a4 Rb8 16. axb5 axb5 17. O-O b4 18. Ra6 Qc8 19. h4 Bxh4 20. Nf5 Bxf5 21. exf5 bxc3 22. bxc3 Ne7 23. Ne3 Nxf5 24. Nxf5 Qxf5 25.
Rxd6 Rb2 26. Rd2 Rfb8 27. Rxb2 Rxb2 28. g3 Be7 29. Bd3 Qh3 30. Bb1 g6 31. Qd5 Qh5 32. Ba2 Qf5 33. Bc4 Kg7 34. Bd3 Qf6 35. c4 Rd2 36.
Kg2 h5 37. Qe4 Bc5 38. Be2 Rd4 39. Qf3 Qe6 40. Rd1 Rxd1 41. Bxd1 Qxc4 42. Bb3 e4 43. Bxc4 exf3+ 44. Kxf3 Kf6 45. Kg2 Ke7 46. Bb3 Kf6 47. Bc4 Kg7 48. Bd5 f6 49. f4 Kh6 50. Kh3 Bd6 51. Kg2 h4 52. gxh4 Bxf4 53. Kh3 Be5 54. Kg4 f5+ 55. Kh3 Kh5 56. Bf3+ Kh6 57. Be2 Bf6 58. Bf3 g5 59. hxg5+ Kxg5 60. Kg3 Be5+ 61.
Kg2 f4 62. Bb7 Bd4 63. Bf3 Kh4 64. Ba8 f3+ 65. Bxf3 1/2-1/2

[Event "*** Titled Tuesday Blitz"]
[Site "Chess.com"]
[Date "2021.02.16"]
[Round "4"]
[White "attack2mateU"]
[Black "AryanTari"]
[Result "1/2-1/2"]
[WhiteElo "2715"]
[BlackElo "2906"]
[TimeControl "180+1"]
[EndTime "10:43:01 PST"]
[Termination "Game drawn - insufficient material"]

1. e4 c6 2. Nc3 d5 3. Nf3 dxe4 4.
Nxe4 Nf6 5. Qe2 Nxe4 6. Qxe4 Nd7 7. Bc4 Nf6 8. Ne5 e6 9. Qe2 b5 10. Bd3 Qc7 11. a4 b4 12. Nxc6 Bb7 13. Ne5 Bd6 14. Bb5+ Kf8 15. d4 Bxg2 16. Rg1 Bd5 17. Bg5 h6 18. Bh4 g5 19. Bg3 Ne4 20. Nd7+ Ke7 21. Bxd6+ Qxd6 22. f3 Nf6 23. Nxf6 Kxf6 24. f4 Ke7 25. f5 Qf4 26. fxe6 fxe6 27. Qf2 Qxf2+ 28. Kxf2 Rhf8+ 29. Ke3 Rf3+ 30. Ke2 Rh3 31. Raf1 Rxh2+ 32. Rf2 Rxf2+ 33. Kxf2 Rf8+ 34. Ke2 Rf4 35. c4 bxc3 36. bxc3 g4 37. Bd3 h5 38. c4 Bc6 39.
Ke3 Rf3+ 40. Ke2 Rh3 41. a5 h4 42. d5 exd5 43. Rxg4 dxc4 44. Rxc4 Kd6 45. Rf4 Rh2+ 46. Ke3 h3 47. Rf6+ Kc5 48. Rf5+ Kb4 49. Rh5 Rh1 50.
Kf2 h2 51. Be2 Kc3 52. a6 Kd2 53. Rh6 Re1 54. Rd6+ Kc3 55. Rxc6+ Kb4 56. Bf3 h1=Q 57. Bxh1 Rxh1 58. Rc7 Rh6 59. Rxa7 Kb5 60. Ra8 Rxa6 61. Rxa6 Kxa6 1/2-1/2

[Event "*** Titled Tuesday Blitz"]
[Site "Chess.com"]
[Date "2021.02.16"]
[Round "4"]
[White "Gusarov91"]
[Black "Aygehovit1992"]
[Result "1-0"]
[WhiteElo "2424"]
[BlackElo "2582"]
[TimeControl "180+1"]
[EndTime "10:43:02 PST"]
[Termination "Gusarov91 won on time"]

1. d4 Nf6 2. Nf3 g6 3. c4 Bg7 4.
g3 O-O 5. Bg2 d6 6. O-O Nc6 7.
b3 Bg4 8. Bb2 e5 9. dxe5 Nd7 10.
Nbd2 Ndxe5 11. Nxe5 Nxe5 12. h3 Bd7 13. Qc2 Qc8 14. Kh2 Re8 15. f4 Nc6 16. Bxg7 Kxg7 17. Qc3+ f6 18. e4 a5 19. Rae1 Qb8 20. c5 dxc5 21.
Qxc5 Qa7 22. Qxa7 Rxa7 23. Nc4 a4 24. Rd1 Be6 25. Rd2 axb3 26. axb3 Rea8 27. e5 Nb4 28. exf6+ Kxf6 29. g4 Ra2 30. Rff2 c6 31. Nd6 Rxd2 32.
Rxd2 b5 33. Nxb5 Bxb3 34. Nd4 Bd5 35. Nxc6 Bxc6 36. Bxc6 Ra3 37. Be4 Re3 38. Rd4 Na2 39. Bg2 Nc3 40. Rd7 h5 41. g5+ Ke6 42. Rg7 Kf5 43.
Rf7+ Ke6 44. Rf6+ Ke7 45. Rxg6 Re2 46. f5 Nd1 47. Kg3 h4+ 48. Kxh4 Rxg2 49. Ra6 Nf2 50. Ra7+ Kd6 51. g6 Ne4 52. Rf7 Ke5 53. g7 Nf6 54.
Ra7 Kxf5 55. Ra5+ Ke6 56. Rg5 1-0

[Event "*** Titled Tuesday Blitz"]
[Site "Chess.com"]
[Date "2021.02.16"]
[Round "4"]
[White "InvisibleWarrior2252"]
[Black "SimplyDevina"]
[Result "0-1"]
[WhiteElo "2536"]
[BlackElo "2254"]
[TimeControl "180+1"]
[EndTime "10:43:02 PST"]
[Termination "SimplyDevina won on time"]

1. d4 Nf6 2. Bg5 e6 3. e4 Be7 4. Bxf6 Bxf6 5. c3 d6 6. f4 Nd7 7. e5 Be7 8. Bd3 c5 9. Ne2 b6 10. Be4 Rb8 11. Nd2 Bb7 12. Bxb7 Rxb7 13. Nf3 d5 14. O-O b5 15. Kh1 g6 16. dxc5 Nxc5 17.
Ned4 Qc7 18. Qe2 a6 19. a4 Nxa4 20. g4 Qc4 21. Qf2 Qc7 22. f5 gxf5 23. gxf5 Bc5 24. fxe6 fxe6 25. Ng5 Bxd4 26. cxd4 Qe7 27. Qd2 Rf8 28.
Rxf8+ Qxf8 29. Nxh7 Qf3+ 30. Qg2 Qxg2+ 31. Kxg2 Rxh7 32.
b3 Nc3 33. Rxa6 Ne4 34. Rxe6+ Re7 35. Rb6 Rc7 36. Rxb5 Rc2+ 37. Kf3 Nd2+ 38. Kg4 Ne4 39. Rxd5 Rxh2 40. Kf5 Nc3 41. Rc5 Ne2 42. d5 Rh5+ 43.
Kg4 Rxe5 44. Kf3 Nd4+ 45. Kf4 Re7 46. d6 Ne2+ 47. Kf3 Nd4+ 48. Kf4 Rd7 49. Ke5 Nf3+ 50. Kd5 Ng5 51. Rc8+ Kf7 52. Rh8 Ne6 53. Rh7+ Ke8 54. Rh8+ Nf8 55. Rh5 Rb7 56. Kc4 Rd7 0-1

[Event "*** Titled Tuesday Blitz"]
[Site "Chess.com"]
[Date "2021.02.16"]
[Round "4"]
[White "Isajevsky_Anton"]
[Black "dretch"]
[Result "0-1"]
[WhiteElo "2540"]
[BlackElo "2841"]
[TimeControl "180+1"]
[EndTime "10:43:04 PST"]
[Termination "dretch won on time"]

1. c4 c6 2. Nf3 d5 3. e3 Nf6 4. Nc3 Bf5 5. cxd5 cxd5 6. Qb3 Bc8 7. Bb5+ Nc6 8. Ne5 Qd6 9. d4 e6 10. O-O Bd7 11. f4 Be7 12. Bd2 O-O 13. Bd3 Rfc8 14. Rf3 Nb4 15. Bb1 Be8 16. Rh3 h5 17. Qd1 g6 18. g4 Nxg4 19. Nxg4 hxg4 20. Qxg4 Bf6 21. a3 Qa6 22. f5 exf5 23. Bxf5 Rd8 24. Rf1 Nc6 25. Bxg6 Qxf1+ 26. Kxf1 fxg6 27. Qe6+ Kg7 28. Nxd5 Bg5 29. Bc3 Bd7 30. Qe4 Bxh3+ 31. Ke1 Rf8 32. Nf4 Bxf4 33. exf4 Rae8 34. d5+ Kh7 35. Be5 Nxe5 36. fxe5 Rf5 37. e6 Rh5 38. e7 Bd7 39. d6 Rf5 40. Qh4+ Kg7 41. Qd4+ Kf7 42. Qxa7 Ke6 43.
Qxb7 Re5+ 44. Kf2 Kxd6 45. Qb6+ Kxe7 46. b4 Re6 47. Qc5+ Kf7 48. b5 R8e7 49. a4 Rf6+ 50.
Kg3 Bf5 51. a5 Be4 52. b6 Rf3+ 53. Kg4 Ra3 54. Qxa3 Bf5+ 55. Kg5 Re4 56. Qb3+ Kg7 57. Qb2+ Kf7 58. Qf6+ Ke8 0-1

[Event "*** Titled Tuesday Blitz"]
[Site "Chess.com"]
[Date "2021.02.16"]
[Round "4"]
[White "krzyzan94"]
[Black "Chopper1905"]
[Result "0-1"]
[WhiteElo "2757"]
[BlackElo "2944"]
[TimeControl "180+1"]
[EndTime "10:43:05 PST"]
[Termination "Chopper1905 won by checkmate"]

1. d4 Nf6 2. Nf3 d5 3. Bf4 Bf5 4. e3 e6 5. Bd3 Bxd3 6. Qxd3 Nbd7 7. Nbd2 c5 8. c4 cxd4 9. Qxd4 Bc5 10. Qd3 O-O 11.
O-O Be7 12. Rfd1 Qb6 13. Qb3 Qa6 14. Ne5 Nc5 15. Qc2 Rac8 16. b4 Nce4 17. Nxe4 Nxe4 18. c5 b6 19. f3 Nf6 20. c6 Bxb4 21. Rac1 Ba3 22.
Rb1 Bc5 23. Bg5 Nh5 24. g4 f6 25. Nd7 fxg5 26. gxh5 Rxc6 27. Qf2 Rf5 28. Kh1 Qc8 29. Nxc5 Rxc5 30. e4 Rc2 31. Qg3 dxe4 32. fxe4 Rff2 33. Rf1 Rxh2+ 34. Qxh2 Rxh2+ 35. Kxh2 Qc2+ 36. Kg3 Qd3+ 37. Kh2 Qe2+ 38. Kg3 Qd3+ 39. Kh2 Qxe4 40. Rbc1 h6 41. Kg3 Qh4+ 42. Kg2 Qxh5 43. Rc3 Qg4+ 44. Rg3 Qe4+ 45. Kh2 Qc2+ 46. Rg2 Qc7+ 47. Kg1 Kh7 48. Rff2 Qc1+ 49. Kh2 Qc4 50. Re2 e5 51. Re3 Qf4+ 52. Rgg3 h5 53. Kg2 e4 54. Rc3 h4 55. Rge3 g4 56. Ra3 h3+ 57. Kg1 a5 58. Kh1 Qf1+ 59.
Kh2 Qg2# 0-1

[Event "*** Titled Tuesday Blitz"]
[Site "Chess.com"]
[Date "2021.02.16"]
[Round "4"]
[White "AlexNovitz"]
[Black "GameOverBro"]
[Result "0-1"]
[WhiteElo "2196"]
[BlackElo "2425"]
[TimeControl "180+1"]
[EndTime "10:43:05 PST"]
[Termination "GameOverBro won by checkmate"]

1. e4 Nf6 2. Nc3 d5 3. exd5 Nxd5 4. d4 Bf5 5. Bd3 Bxd3 6. Qxd3 c6 7. Nf3 e6 8. O-O Be7 9. a3 Nd7 10. Ne4 N7f6 11. c4 Nxe4 12. Qxe4 Nf6 13. Qe2 O-O 14. Bf4 c5 15. Rfd1 cxd4 16. Nxd4 Qb6 17. b4 a6 18. c5 Qa7 19. Rac1 Rfe8 20. c6 bxc6 21. Nxc6 Qb7 22. Na5 Qe4 23. Qxe4 Nxe4 24. Rc7 Red8 25. Rdc1 Bf6 26.
h3 g5 27. Be3 Bb2 28. R1c4 Rd1+ 29. Kh2 Be5+ 30. g3 Bxc7 31. Rxc7 h6 32. Nb3 Nf6 33.
Nc5 Nd5 34. Rb7 Nxe3 35. fxe3 Rad8 36. g4 R8d2+ 37. Kg3 h5 38. Kf3 Rh2 39. gxh5 Rxh3+ 40. Ke4 Rxh5 41. Nxa6 Rh4+ 42. Ke5 Kg7 43. Nc5 Kg6 44.
a4 Re1 45. e4 Ra1 46. a5 Rh2 47. a6 Rha2 48. b5 g4 49. b6 g3 50. a7 g2 51. Nd3 g1=Q 52. Nf4+ Kg7 53. Nxe6+ Kh6 54. Rxf7 Ra5+ 55. Kd6 Qxb6+ 56. Ke7 Rxa7+ 57. Kf6 Rxf7+ 58. Kxf7 Rf1+ 59. Ke7 Qb4+ 60. Kd7 Rf7+ 61. Ke8 Qe7# 0-1

[Event "*** Titled Tuesday Blitz"]
[Site "Chess.com"]
[Date "2021.02.16"]
[Round "4"]
[White "szefru"]
[Black "Dave_ChessMate"]
[Result "0-1"]
[WhiteElo "2264"]
[BlackElo "2442"]
[TimeControl "180+1"]
[EndTime "10:43:06 PST"]
[Termination "Dave_ChessMate won by resignation"]

1. Nc3 d5 2. d4 Nf6 3. Nf3 e6 4. Bf4 a6 5. e3 c5 6. Be2 Nc6 7. O-O Be7 8. a3 O-O 9. Na4 c4 10. Nc3 b5 11. Ne5 Nxe5 12. Bxe5 b4 13. axb4 Bxb4 14.
Nb5 Qb6 15. Na3 Ne4 16. Qc1 Bd2 17. Qb1 f6 18. Bg3 Bb4 19. Qc1 Bd7 20. c3 Be7 21. f3 Nxg3 22. hxg3 Rfb8 23. Ra2 Qb3 24. Qa1 Rb6 25. Bd1 Bd6 26. Bxb3 cxb3 27. Nb1 bxa2 28. Qxa2 a5 29. e4 Bb5 30. Re1 Bc4 31. Qa4 Bxg3 32.
Rd1 Rxb2 33. Qc6 Rab8 34. Qxe6+ Kh8 35. Na3 Bb3 36. Rf1 dxe4 37. Qg4 Bd6 38. fxe4 Bxa3 39. e5 Be7 40. exf6 Bxf6 41. Qg3 Bg8 42. d5 Bxd5 43. Ra1 Rxg2+ 44. Qxg2 Bxg2 45. Kxg2 Bxc3 46. Rc1 Bb4 47. Rc4 Rg8 48. Kf3 h6 49. Kg4 Kh7 50. Kh5 Rf8 51. Kg4 Rf6 52. Kh5 Rg6 53. Kh4 Be7+ 54. Kh5 Bf6 55. Ra4 Rg5+ 56. Kh4 Rb5+ 57. Kg4 Rb4+ 58.
Rxb4 axb4 0-1

[Event "*** Titled Tuesday Blitz"]
[Site "Chess.com"]
[Date "2021.02.16"]
[Round "4"]
[White "FMOlexandrProhorov"]
[Black "kobemagic"]
[Result "0-1"]
[WhiteElo "2098"]
[BlackElo "2387"]
[TimeControl "180+1"]
[EndTime "10:43:06 PST"]
[Termination "kobemagic won by checkmate"]

1. e4 Nf6 2. e5 Nd5 3. c4 Nb6 4. a4 a5 5. d4 d6 6. exd6 exd6 7. Nc3 Be7 8. Nf3 Bg4 9. Be2 Nc6 10. b3 O-O 11.
O-O Bf6 12. Be3 Re8 13. h3 Bh5 14. Rc1 Nb4 15. Re1 c6 16. d5 c5 17. Nb5 Rxe3 18.
fxe3 Qe7 19. Bf1 Bg6 20. Qd2 Be4 21. Qf2 Nd7 22. Qg3 Bxf3 23. gxf3 Ne5 24. Rcd1 Bh4 25. Qg2 Bxe1 26. Rxe1 Rd8 27. e4 Qf6 28. Be2 Qf4 29. Rf1 Nc2 30. Rf2 Nd4 31. Bd1 Nxb5 32.
axb5 b6 33. Rf1 a4 34. bxa4 Nxc4 35. Qe2 Ne3 36. Re1 Qg3+ 37. Kh1 Qxh3+ 38. Kg1 Qg3+ 39. Kh1 Nxd1 40. Rxd1 Re8 41. Qg2 Qe5 42. a5 bxa5 43. Qd2 Qg3 44. Qg2 Qe5 45. Qd2 a4 46. b6 Rb8 47.
Qa5 Qb2 48. Qxa4 Qxb6 49. Ra1 h6 50. Qd7 Rd8 51. Qe7 Rb8 52. Ra7 Qb1+ 53. Kg2 Rb2+ 54.
Kg3 Qg1+ 55. Kf4 Qh2+ 56. Ke3 Qd2# 0-1

[Event "*** Titled Tuesday Blitz"]
[Site "Chess.com"]
[Date "2021.02.16"]
[Round "4"]
[White "politeplayer"]
[Black "NiranjanNavalgund"]
[Result "1/2-1/2"]
[WhiteElo "2223"]
[BlackElo "2465"]
[TimeControl "180+1"]
[EndTime "10:43:07 PST"]
[Termination "Game drawn - insufficient material"]

1. e4 e5 2. Nf3 Nc6 3. d4 exd4 4. Bc4 Bc5 5. O-O Nf6 6. e5 d5 7. Be2 Ne4 8. Nbd2 O-O 9. Nb3 Bb6 10. a4 a5 11. Bb5 Bg4 12. h3 Bxf3 13. gxf3 Ng5 14. Bxc6 bxc6 15. f4 Ne4 16. Nxd4 Qh4 17. Ra3 f6 18. Nf5 Nxf2 19. Nxh4 Nxd1+ 20. Kg2 g5 21. fxg5 fxg5 22. Nf3 Nxb2 23. Bxb2 h6 24. Rc3 c5 25. Ba3 d4 26. Rc4 Rf4 27. Bxc5 g4 28. hxg4 Rxg4+ 29. Kh3 h5 30. Bxb6 cxb6 31. Rg1 Rxg1 32. Nxg1 Re8 33. Nf3 Rf8 34. Kg3 h4+ 35. Nxh4 Rf1 36. Rxd4 Rc1 37. Rd2 Kf7 38. Nf5 Ke6 39. Nd4+ Kxe5 40. Nf3+ Ke4 41. Rd4+ Ke3 42. Rc4 Ra1 43. Rc3+ Ke4 44. Rb3 Rxa4 45. Rxb6 Ra2 46. Re6+ Kd5 47.
Rf6 a4 48. Rf5+ Ke6 49. Re5+ Kd6 50. Ra5 Rxc2 51. Rxa4 Rc3 52. Rf4 Kd5 53. Rg4 Rc1 54. Rf4 Rf1 55. Rg4 Rb1 56. Rf4 Ke6 57. Rg4 Kf5 58. Rf4+ Kg6 59. Rg4+ Kf6 60. Rf4+ Ke6 61. Rg4 Kd5 62. Rf4 Rb8 63. Rg4 Rf8 64. Rf4 Rg8+ 65. Rg4 Rxg4+ 66. Kxg4 1/2-1/2

[Event "*** Titled Tuesday Blitz"]
[Site "Chess.com"]
[Date "2021.02.16"]
[Round "4"]
[White "jacky72"]
[Black "GOGIEFF"]
[Result "0-1"]
[WhiteElo "2697"]
[BlackElo "2899"]
[TimeControl "180+1"]
[EndTime "10:43:08 PST"]
[Termination "GOGIEFF won by resignation"]

1. d4 Nf6 2. c4 g6 3. Nc3 Bg7 4. e4 d6 5. Be2 O-O 6. Bg5 Na6 7. Nf3 h6 8. Bh4 Qe8 9. e5 dxe5 10. Nxe5 c5 11.
d5 Bf5 12. O-O Rd8 13. Qb3 Nb4 14. Rac1 Nfxd5 15. Nxd5 Nxd5 16. cxd5 Bxe5 17. Bb5 Bd7 18. Rxc5 Bd6 19. Bxd7 Qxd7 20. Rc3 b6 21. Rd1 Qf5 22. Bg3 Bxg3 23. hxg3 Rd7 24. Rcd3 Rfd8 25. Qc4 h5 26. a4 Rd6 27. Qa6 Qd7 28. Re3 Kf8 29. Rde1 Re8 30. Re5 f6 31. Re6 Rxd5 32. Qc4 Rd6 33. R6e2 e5 34. b3 Kg7 35. Qe4 Rd4 36. Qb1 Rd8 37. Qc2 h4 38. Re3 hxg3 39. Rxg3 Rd3 40. Rxd3 Qxd3 41.
Qxd3 Rxd3 42. Rc1 a5 43. Rc7+ Kh6 44. Rc6 Rxb3 45. Rxf6 Kg5 46. Rc6 e4 47. g3 Kf5 48.
Kg2 Rb2 49. Kf1 g5 50. Ke1 Kg4 51. Re6 Kf3 52. Rf6+ Kg2 53. Rf5 Rb4 54. Rf6 Rxa4 55. Rxb6 Ra1+ 56. Ke2 Ra2+ 57. Ke3 Rxf2 58. Kxe4 Kxg3 59.
Rb5 g4 60. Rxa5 Kg2 61. Ke3 g3 62. Rg5 Rf8 63. Ke2 Kh2 64. Rh5+ Kg1 65. Rh8 Rxh8 0-1

[Event "*** Titled Tuesday Blitz"]
[Site "Chess.com"]
[Date "2021.02.16"]
[Round "4"]
[White "AlexTriapishko"]
[Black "CSB7"]
[Result "1-0"]
[WhiteElo "2830"]
[BlackElo "2533"]
[TimeControl "180+1"]
[EndTime "10:43:08 PST"]
[Termination "AlexTriapishko won by resignation"]

1. d4 Nf6 2. c4 g6 3. Nc3 d5 4. cxd5 Nxd5 5. e4 Nxc3 6. bxc3 Bg7 7. Qa4+ Qd7 8. Bb5 c6 9. Be2 O-O 10. Qa3 b6 11. Nf3 Bb7 12. Be3 c5 13. d5 e6 14.
Rd1 exd5 15. exd5 Qd6 16. O-O Nd7 17. c4 Rfe8 18. Rfe1 Ne5 19. g3 Bc8 20. Bf4 Bd7 21. Ng5 Bf5 22. g4 Bd7 23. Ne4 Qe7 24. Qg3 Ba4 25. Rd2 Nc6 26. Nd6 Nd4 27. Nxe8 Rxe8 28.
Be3 Be5 29. Qh3 Nc2 30. Rxc2 Bxc2 31. Bf1 Qd8 32. Bd2 Ba4 33. Qa3 Qd7 34. h3 Bd6 35.
Rxe8+ Qxe8 36. Qe3 Qxe3 37. fxe3 Bd7 38. Bc3 Kf8 39.
e4 Bf4 40. e5 Ke7 41. Be2 a6 42. Kf2 b5 43. Kf3 Bc1 44. Ke4 h6 45. Be1 Bg5 46.
h4 Bd2 47. h5 gxh5 48. Bxd2 hxg4 49. d6+ Ke6 50. cxb5 axb5 51. Bd1 Bc6+ 52. Kf4 h5 53. Be1 Bd5 54. Bh4 Bxa2 55. Bc2 c4 56. Bf5+ Kd5 57. d7 Kc5 58. d8=Q Kb4 59. Qd6+ Kb3 60. Be7 1-0

[Event "*** Titled Tuesday Blitz"]
[Site "Chess.com"]
[Date "2021.02.16"]
[Round "4"]
[White "MergenKakabaev"]
[Black "rychessmaster1"]
[Result "0-1"]
[WhiteElo "2366"]
[BlackElo "2548"]
[TimeControl "180+1"]
[EndTime "10:43:08 PST"]
[Termination "rychessmaster1 won by resignation"]

1. e4 c6 2. d4 d5 3. e5 c5 4.
dxc5 e6 5. Be3 Nd7 6. Bb5 Ne7 7. f4 Nc6 8. Bxc6 bxc6 9. b4 g5 10. Nf3 gxf4 11. Bxf4 Bg7 12. Nbd2 Ba6 13. c4 dxc4 14. Ne4 c3 15. Nd6+ Kf8 16. Qd4 c2 17. Bg5 f6 18.
exf6 Bxf6 19. Bh6+ Ke7 20. Qf4 Rf8 21. Bxf8+ Qxf8 22.
Kf2 Bxa1 23. Qxf8+ Rxf8 24. Rxa1 Ne5 25. Ke3 Nd3 26. Kd2 c1=Q+ 27. Rxc1 Nxc1 28. Kxc1 Rf4 29. a3 Be2 30. Ne5 Rf1+ 31. Kd2 Bb5 32. Nxb5 cxb5 33. Nc6+ Kd7 34. Nxa7 Rf2+ 35. Ke3 Rxg2 36. Nxb5 Rxh2 37.
a4 Rb2 38. Nd4 Rxb4 39. a5 Ra4 40. c6+ Kc7 41. Nxe6+ Kxc6 42. Ng5 Rh4 43. Kf3 Kb5 44. Kg3 Rh1 45. Kg4 Kxa5 46. Nf7 Kb5 47. Kg5 h5 48. Ne5 h4 49. Nf3 h3 50. Kg4 Rf1 51. Nh2 Rg1+ 52.
Kxh3 Kc4 53. Nf3 Rg8 54. Kh4 Kd5 55. Ng5 Ke5 56. Nf3+ Kf4 57. Ng5 Rh8+ 0-1

[Event "*** Titled Tuesday Blitz"]
[Site "Chess.com"]
[Date "2021.02.16"]
[Round "4"]
[White "bascheyaro"]
[Black "awesomevishesh"]
[Result "1-0"]
[WhiteElo "2703"]
[BlackElo "2513"]
[TimeControl "180+1"]
[EndTime "10:43:10 PST"]
[Termination "bascheyaro won on time"]

1. d4 Nf6 2. c4 g6 3. Nf3 Bg7 4. Nc3 d6 5. g3 O-O 6. Bg2 c6 7. O-O Bf5 8. b4 Ne4 9. Bb2 Nxc3 10. Bxc3 Be4 11. a4 c5 12. e3 Nc6 13. Qd2 cxb4 14.
Bxb4 Nxb4 15. Qxb4 Qc7 16. Nd2 Bxg2 17. Kxg2 e5 18.
d5 f5 19. e4 Bh6 20. exf5 Bxd2 21. Qxd2 Rxf5 22. Rac1 Qc5 23. Qe3 Rc8 24. Rc3 b6 25. Rb1 Rf7 26. Rb5 Qxe3 27. fxe3 Rfc7 28. a5 bxa5 29.
Rxa5 Kf7 30. Kf3 Ke7 31. Ra4 Rb8 32. Kg4 Rb2 33. h4 Kf6 34. Ra6 h5+ 35. Kh3 Rb6 36. Ra5 Kf5 37. Ra4 Rb2 38. c5 dxc5 39. e4+ Kf6 40.
Ra6+ Rb6 41. Rca3 Rxa6 42. Rxa6+ Kf7 43. Kg2 c4 44. d6 Rd7 45. Rc6 Ke6 46. Rxc4 Kxd6 47.
Ra4 Kc5 48. Ra5+ Kd4 49. Ra4+ Kc3 50. Kf3 Kb3 51. Ra5 Re7 52. Ke3 Kb4 53. Ra6 Kb5 54.
Rxg6 a5 55. Kd3 a4 56. Kc3 Ra7 57. Kb2 Kc4 58. Rg5 Kd4 59. Rxh5 a3+ 60. Ka2 Kxe4 61. g4 Kf4 62. g5 e4 63. g6 e3 64. Rh7 Ra8 65.
h5 e2 66. Re7 Kf3 67. h6 Ra7 68. Rxe2 Kxe2 69. g7 1-0

[Event "*** Titled Tuesday Blitz"]
[Site "Chess.com"]
[Date "2021.02.16"]
[Round "4"]
[White "drragnar1"]
[Black "kikydu96"]
[Result "1/2-1/2"]
[WhiteElo "2412"]
[BlackElo "2611"]
[TimeControl "180+1"]
[EndTime "10:43:15 PST"]
[Termination "Game drawn by agreement"]

1. g3 e5 2. c4 Nc6 3. Bg2 Bc5 4. Nc3 a6 5. d3 d6 6. Nf3 f5 7. Nd5 Nf6 8. Bg5 h6 9. Bxf6 gxf6 10. a3 Be6 11.
Qc2 Bxd5 12. cxd5 Nd4 13. Nxd4 Bxd4 14. Rc1 Bb6 15. Bh3 Qd7 16. e4 Qg7 17. Bxf5 h5 18. h4 Rg8 19. Qe2 Qh6 20. Rc2 Ke7 21. Rf1 a5 22.
Qd2 Qg7 23. Be6 a4 24. Ke2 Rgf8 25. Kf3 f5 26. Bxf5 Rxf5+ 27. exf5 Rf8 28. Qg5+ Qxg5 29. hxg5 Rxf5+ 30. Kg2 Rxg5 31. Rh1 Kf6 32. Rh4 Kg6 33. Rxa4 Rf5 34. Re4 Rf8 35. a4 Ra8 36. b3 Ra5 37. Rc3 Rxd5 38. b4 c6 39. a5 Bd4 40.
Rb3 Rb5 41. f4 c5 42. Kf3 Rxb4 43.
Rxb4 cxb4 44. Ke2 b3 45. Kd1 b2 46. Kc2 Kf5 47. fxe5 dxe5 48. Rh4 Kg5 49. Kb1 Bf2 50. Rb4 Be1 51. Rb5 Kg4 52. Rxe5 Bxg3 53. Rb5 Be1 54. Kxb2 h4 55. Rxb7 Bxa5 56. d4 h3 57. Rh7 Be1 58.
d5 Bh4 59. d6 h2 60. Rxh4+ Kxh4 61. d7 h1=Q 62. d8=Q+ 1/2-1/2

[Event "*** Titled Tuesday Blitz"]
[Site "Chess.com"]
[Date "2021.02.16"]
[Round "4"]
[White "lukas_111111"]
[Black "starplatinum2030"]
[Result "1-0"]
[WhiteElo "2590"]
[BlackElo "2154"]
[TimeControl "180+1"]
[EndTime "10:43:15 PST"]
[Termination "lukas_111111 won by checkmate"]

1. d4 d5 2. c4 dxc4 3. e4 Nc6 4. Nf3 Bg4 5. Bxc4 Bxf3 6. Qxf3 e6 7. d5 Ne5 8. Qb3 Nxc4 9. Qxc4 exd5 10. exd5 Nf6 11. Nc3 Qe7+ 12. Be3 Qb4 13. Qe2 Be7 14. O-O O-O 15.
Rad1 Rad8 16. Rd4 Qd6 17. Rfd1 a6 18. Rc4 Qe5 19. Qf3 Bd6 20. g3 Rfe8 21. Bd4 Qg5 22. Bxf6 Qxf6 23. Qxf6 gxf6 24. Ne4 Be5 25. Rd2 f5 26. Nc5 c6 27. Nxb7 Rxd5 28. Re2 Rb8 29. Nc5 Rxb2 30. Rxb2 Bxb2 31. Nb3 Rd1+ 32. Kg2 Rd6 33.
Rc5 f4 34. gxf4 Ba3 35. Ra5 Bb4 36. Rxa6 Rg6+ 37. Kf3 c5 38. Rxg6+ fxg6 39. Ke4 Kf7 40. Kd5 Be1 41. f3 Bf2 42. Nxc5 Kf6 43. Ne4+ Kf5 44. Nxf2 Kxf4 45. a4 Kxf3 46. Ne4 h5 47. a5 Kg2 48. h4 Kh2 49. a6 Kh3 50. a7 Kxh4 51. a8=Q g5 52.
Qd8 Kh3 53. Qxg5 h4 54. Nf2+ Kh2 55. Qxh4+ Kg2 56. Ne4 Kf3 57. Qf6+ Ke2 58. Qf2+ Kd1 59. Qd2# 1-0

[Event "*** Titled Tuesday Blitz"]
[Site "Chess.com"]
[Date "2021.02.16"]
[Round "4"]
[White "ViktoriyaTarasova"]
[Black "bylavochka"]
[Result "0-1"]
[WhiteElo "2273"]
[BlackElo "2085"]
[TimeControl "180+1"]
[EndTime "10:43:15 PST"]
[Termination "bylavochka won by checkmate"]

1. d4 Nf6 2. c4 g6 3. Nc3 Bg7 4. e4 O-O 5. h3 d6 6. Be3 e5 7.
d5 c6 8. Bd3 cxd5 9. cxd5 a6 10. g4 b5 11. a3 Nbd7 12. Nf3 Qa5 13. Nd2 h5 14. Be2 Nc5 15. b4 Nfxe4 16. bxa5 Nxc3 17.
Qc2 e4 18. O-O Nxe2+ 19. Kg2 hxg4 20. Rab1 gxh3+ 21. Kh1 Nc3 22. Rbe1 Nd3 23. Ra1 Bg4 24. f3 Bf5 25. fxe4 Nxe4 26. Rxf5 Ng3+ 27. Kh2 Nxf5 28. Qxd3 Bxa1 29. Kxh3 Be5 30. Ne4 Kg7 31. Bg5 Rh8+ 32. Kg2 Rh2+ 33. Kf1 Rah8 34. Nf2 Ng3+ 35. Ke1 Rxf2 36.
Kxf2 Rh2+ 37. Ke1 Nf5 38. Bd2 Rh1+ 39. Ke2 Ng3+ 40. Kf3 Rf1+ 41. Kg2 Rd1 42. Qc2 Ra1 43. Bc3 Rxa3 44. Bxe5+ dxe5 45. Qb2 Re3 46. Qa1 Nf5 47.
Kf2 Rd3 48. Qa2 e4 49. d6 Rxd6 50. Qb2+ f6 51. Qb4 e3+ 52. Ke1 Rd7 53. Qe4 Re7 54. Qc6 e2 55. Qc5 Kf7 56. Qd5+ Kg7 57. Qc5 Re5 58.
Qc7+ Kh6 59. Qb8 Nd4 60. Qh8+ Kg5 61. Qh2 Nf3+ 62. Kf2 e1=Q+ 63. Kg2 Re2+ 64. Kh3 Rxh2# 0-1